 Dungeon Crawl Stone Soup version 0.26-a0-662-g8b9c6dab81 (webtiles) character file.

Game seed: 11284551689762848689

3367 nomicflux the Thaumaturge (level 9, -3/49 HPs)
             Began as a Deep Elf Conjurer on Oct 9, 2020.
             Was a Priest of Kikubaaqudgha.
             Slain by an ufetubus (5 damage)
             ... on level 9 of the Dungeon on Oct 10, 2020.
             The game lasted 00:24:15 (8392 turns).

nomicflux the Thaumaturge (Deep Elf Conjurer)       Turns: 8392, Time: 00:24:16

Health: -3/49      AC:  4    Str:  5    XL:     9   Next: 73%
Magic:  16/26      EV: 13    Int: 28    God:    Kikubaaqudgha [***...]
Gold:   472        SH:  0    Dex: 21    Spells: 8/30 levels left

rFire    x . .     SeeInvis .   j - staff of air
rCold    + . .     Faith    .   (no shield)
rNeg     . . .     Spirit   .   w - +2 robe of Golden Knowledge {rF- rCorr Int+2 Dex+2}
rPois    .         Reflect  .   (no helmet)
rElec    +         Harm     .   (no cloak)
rCorr    +         Rampage  .   (no gloves)
MR       .....                  (no boots)
Stlth    ++........             i - amulet of magic regeneration
HPRegen  0.16/turn              t - ring of protection from cold
MPRegen  0.45/turn              v - +6 ring of dexterity

@: marked, lightly drained
A: no striking features
a: Receive Corpses, Renounce Religion


You were on level 9 of the Dungeon.
You worshipped Kikubaaqudgha.
Kikubaaqudgha was most pleased with you.
You visited 2 branches of the dungeon, and saw 10 of its levels.
You also visited: Sewer.

You collected 472 gold pieces.

Inventory:

Hand Weapons
 d - a +2 short sword of holy wrath
 k - a +2 short sword of electrocution
 C - a +0 shortbow
Missiles
 D - 32 arrows
Armour
 a - a +1 robe
 g - a +0 buckler
 w - the +2 robe of Golden Knowledge (worn) {rF- rCorr Int+2 Dex+2}
   (You found it on level 6 of the Dungeon)

   It affects your intelligence (+2).
   It affects your dexterity (+2).
   It makes you vulnerable to fire.
   It provides partial protection from all sources of acid and corrosion.
Magical Staves
 j - an uncursed staff of air (weapon)
 y - an uncursed staff of fire
Jewellery
 i - an amulet of magic regeneration (around neck)
 t - a ring of protection from cold (left hand)
 v - a +6 ring of dexterity (right hand)
Wands
 l - a wand of random effects (35)
 o - a wand of acid (10)
 q - a wand of enslavement (6)
 B - a wand of disintegration (7)
 E - a wand of iceblast (4)
 F - a wand of flame (7)
Scrolls
 b - a scroll of enchant armour
 f - 5 scrolls of remove curse
 h - 2 scrolls of amnesia
 n - a scroll of magic mapping
 u - 4 scrolls of teleportation
 x - a scroll of enchant weapon
Potions
 c - 2 potions of heal wounds
 e - 3 potions of might
 p - a potion of berserk rage
 r - 4 potions of magic
 s - 3 potions of curing
 z - a potion of flight
 A - a potion of haste


   Skills:
 + Level 2.9(2.7) Fighting
 - Level 2.4(2.1) Dodging
 - Level 2.4(2.1) Stealth
 + Level 11.0(10.7) Spellcasting
 - Level 9.0(8.7) Conjurations
 + Level 7.6(7.3) Necromancy
 + Level 3.9(3.6) Air Magic


You had 8 spell levels left.
You knew the following spells:

 Your Spells              Type           Power        Failure   Level
a - Magic Dart            Conj           ####         1%          1
b - Searing Ray           Conj           ######       1%          2
c - Fulminant Prism       Conj/Hex       #####.....   6%          4
d - Iskenderun's Mystic   Conj/Tloc      #####...     6%          4
e - Sublimation of Blood  Necr           ######....   1%          2
f - Vampiric Draining     Necr           ######....   1%          3
g - Corpse Rot            Necr/Air       N/A          1%          2
h - Dispel Undead         Necr           ######..     1%          4

Your spell library contained the following spells:

 Spells                   Type           Power        Failure   Level
 Pain                     Necr           ####         1%          1
 Dazzling Flash           Conj/Hex       #####.       1%          3
 Agony                    Necr           ######..     4%          5
 Excruciating Wounds      Necr           ######....   4%          5
 Confusing Touch          Hex            ###.....     11%         3
 Gell's Gravitas          Tloc           ###.......   11%         3
 Death Channel            Necr           ######....   28%         6
 Petrify                  Tmut/Erth      ###.....     36%         4
 Metabolic Englaciation   Hex/Ice        ###.......   71%         5
 Yara's Violent Unravell  Hex/Tmut       ###.......   71%         5
 Simulacrum               Ice/Necr       #####.....   77%         6


Dungeon Overview and Level Annotations

Branches:
Dungeon (8/15)             Temple (1/1) D:4            Lair (0/6) D:9
  Sewer (visited)

Altars:
Cheibriados
Dithmenos
Elyvilon
Fedhas
Gozag
Hepliaklqana
Kikubaaqudgha
Makhleb
Nemelex Xobeh
Okawaru
Qazlal
Ru
Sif Muna
Trog
Uskayaw
Vehumet
Wu Jian
Xom
Yredelemnul
Zin
The Shining One
Lugonu

Annotations:
D:2 exclusion: downstairs
D:8 1 transporter, Prince Ribbit


Message History

An ogre comes into view. It is wielding a +0 giant spiked club.
The jackal closely misses you.
A jackal comes into view.
Okay, then.
As you read the scroll of fear, it crumbles to dust.
You assume a fearsome visage.
The ogre resists with some effort.
The two-headed ogre looks frightened!
The troll looks frightened!
The adder zombie is unaffected.
The ufetubus is unaffected.
The wight is unaffected.
The orc looks frightened!
The jackal looks frightened! x2
The ufetubus hits you but does no damage.
The ufetubus misses you. The adder zombie bites you.
* * * LOW HITPOINT WARNING * * *
The ufetubus hits you.
* * * LOW HITPOINT WARNING * * *
The ufetubus barely misses you. The wight hits you with a +3 mace.
* * * LOW HITPOINT WARNING * * *
You feel drained. The ufetubus completely misses you. The ufetubus hits you.
You die...
Kikubaaqudgha rasps: "You have failed me!
Welcome... death!"

#.#≈.PP>PP.≈#.#^^.^...^§.^.
##.#...PPP...#....(.._......
#....##P.P##....^^.^...^....
###.....#...#.....≈.≈^^..#.#..
#.....#oo.≈...#....###...#≈#^.
####...h..#######....^.≈#..≈.#≈..
#..##..'...##..###..##^^^≈...^.##
.......#...##..###z###.###..####
#......#.o....h>@.Z...)......#
#(.....#........5.)OT.)......+
)(.....#...########O###'###.##
#......#...# #.# #.# #.#
#..##..#.... '.. ... ...
#()##..#..... .#...).......
#†.....#...... ..#............
#..##..##..##. .# ##########..##
...# .# ..


You could see a two-headed ogre (fleeing), a troll (fleeing), an ogre, a wight,
an orc (fleeing), an ufetubus, an adder zombie and a jackal (fleeing).

Vanquished Creatures
  Pikel (D:5)
  Sigmund (D:6)
  Edmund (D:5)
  An ice beast (D:7)
  A sky beast (D:5)
  5 ogres
  5 centaurs
  2 big kobolds (D:7)
  2 bullfrogs
  2 scorpions
  4 killer bees
  2 wights (D:9)
  A howler monkey (D:7)
  A bullfrog zombie (D:4)
  2 quasits
  4 hounds
  2 orc priests (D:3)
  A centaur skeleton (D:9)
  A jelly (D:7)
  8 orc wizards
  Ijyb (D:3)
  An iguana (D:4)
  4 worker ants
  A hound skeleton (D:5)
  A worker ant zombie (D:7)
  5 adders
  3 gnolls (D:2)
  A river rat (Sewer)
  3 shadow imps
  2 white imps (D:5)
  An ufetubus (D:5)
  2 oozes
  An adder skeleton (D:7)
  2 worms
  6 leopard geckos
  30 orcs
  9 ball pythons
  9 bats
  11 giant cockroaches
  5 goblins
  18 hobgoblins
  10 jackals
  4 quokkas
  5 frilled lizards
  15 kobolds
  A leopard gecko skeleton (D:6)
  A leopard gecko zombie (D:5)
  9 rats
208 creatures vanquished.

Vanquished Creatures (others)
  31 fulminant prisms
  2 plants (D:6)
  5 toadstools (D:1)
38 creatures vanquished.

Grand Total: 246 creatures vanquished

Notes
Turn   | Place    | Note
-------+----------+-------------------------------------------
     0 | D:1      | nomicflux the Deep Elf Conjurer began the quest for the
                  | Orb.
     0 | D:1      | Reached XP level 1. HP: 10/10 MP: 6/6
   240 | D:1      | Reached XP level 2. HP: 15/15 MP: 5/8
   244 | D:1      | Learned a level 2 spell: Searing Ray
   896 | D:2      | Found a blossoming altar of Fedhas.
   934 | D:2      | Reached skill level 4 in Spellcasting
  1011 | D:2      | Reached skill level 5 in Conjurations
  1038 | D:2      | Reached XP level 3. HP: 19/19 MP: 8/10
  1475 | D:2      | Reached XP level 4. HP: 24/24 MP: 8/12
  1661 | D:2      | Found a shadowy altar of Dithmenos.
  1945 | D:2      | Found a blossoming altar of Fedhas.
  2024 | D:3      | Noticed an ogre
  2212 | D:3      | Reached skill level 5 in Spellcasting
  2264 | D:3      | Found an ornate altar of the Wu Jian Council.
  2265 | D:3      | Found an iron altar of Okawaru.
  2265 | D:3      | Found a snail-covered altar of Cheibriados.
  2266 | D:3      | Found a sacrificial altar of Ru.
  2369 | D:3      | Noticed Ijyb
  2378 | D:3      | Killed Ijyb
  2628 | D:3      | Reached XP level 5. HP: 28/28 MP: 6/15
  2885 | D:3      | Learned a level 4 spell: Fulminant Prism
  2890 | D:3      | Learned a level 4 spell: Iskenderun's Mystic Blast
  3267 | D:3      | Killed an ogre
  3267 | D:3      | Reached skill level 6 in Spellcasting
  3267 | D:3      | Reached XP level 6. HP: 32/32 MP: 12/17
  3503 | D:4      | Reached skill level 7 in Spellcasting
  3637 | D:4      | Found an ancient bone altar of Kikubaaqudgha.
  3654 | D:4      | Became a worshipper of Kikubaaqudgha
  3836 | D:4      | Found a hazy altar of Hepliaklqana.
  3837 | D:4      | Found a shimmering altar of Xom.
  3838 | D:4      | Noticed a spectral ugly thing
  3838 | D:4      | Noticed an insubstantial wisp
  3907 | D:4      | Found a burning altar of Makhleb.
  3907 | D:4      | Noticed a green death
  3911 | D:4      | Noticed an orange demon
  3911 | D:4      | Noticed a ynoxinul
  3963 | D:4      | Found a staircase to the Ecumenical Temple.
  3972 | Temple   | Entered the Ecumenical Temple
  4103 | D:5      | Entered Level 5 of the Dungeon
  4108 | D:5      | Noticed Pikel
  4110 | D:5      | Reached XP level 7. HP: 36/36 MP: 15/19
  4192 | D:5      | Reached skill level 1 in Necromancy
  4340 | D:5      | Killed Pikel
  4340 | D:5      | Reached skill level 8 in Spellcasting
  4340 | D:5      | Reached XP level 8. HP: 32/41 MP: 17/22
  4368 | D:5      | Reached * piety under Kikubaaqudgha
  4368 | D:5      | Identified Kikubaaqudgha's Handbook of Evil (Kikubaaqudgha
                  | gifted it to you on level 5 of the Dungeon)
  4368 | D:5      | Received a gift from Kikubaaqudgha
  4428 | D:5      | Found a glowing drain.
  4450 | D:5      | Reached skill level 9 in Spellcasting
  4525 | Sewer    | Entered a sewer
  5334 | D:5      | Learned a level 2 spell: Sublimation of Blood
  5338 | D:5      | Learned a level 3 spell: Vampiric Draining
  5347 | D:5      | Noticed Edmund
  5359 | D:5      | Killed Edmund
  5359 | D:5      | Reached skill level 5 in Necromancy
  5662 | D:6      | Learned a level 2 spell: Corpse Rot
  5724 | D:6      | Reached ** piety under Kikubaaqudgha
  5939 | D:6      | Found an opulent altar of Gozag.
  5961 | D:6      | Found a hide-covered altar of Uskayaw.
  6285 | D:6      | Got a fine robe
  6296 | D:6      | Identified the +2 robe of Golden Knowledge {rF- rCorr Int+2
                  | Dex+2} (You found it on level 6 of the Dungeon)
  6518 | D:6      | Reached skill level 1 in Air Magic
  6814 | D:6      | Reached skill level 10 in Spellcasting
  7005 | D:6      | Reached XP level 9. HP: 46/46 MP: 22/25
  7016 | D:6      | Noticed Sigmund
  7021 | D:6      | Killed Sigmund
  7021 | D:6      | Reached skill level 1 in Fighting
  7030 | D:6      | Reached *** piety under Kikubaaqudgha
  7030 | D:6      | Identified Kikubaaqudgha's Tome of Unholy Magic
                  | (Kikubaaqudgha gifted it to you on level 6 of the Dungeon)
  7030 | D:6      | Received a gift from Kikubaaqudgha
  7037 | D:6      | Learned a level 4 spell: Dispel Undead
  7617 | D:7      | Found a glowing silver altar of Zin.
  7796 | D:7      | Found a glowing golden altar of the Shining One.
  7868 | D:7      | Found a glowing silver altar of Zin.
  7869 | D:7      | Noticed an angel
  8052 | D:8      | Noticed Prince Ribbit
  8073 | D:8      | Found a transporter.
  8094 | D:8      | You fall into a shaft and drop 1 floor!
  8164 | D:9      | Found a stormy altar of Qazlal.
  8305 | D:9      | Found a staircase to the Lair.
  8364 | D:9      | Reached skill level 11 in Spellcasting
  8386 | D:9      | Noticed a two-headed ogre
  8388 | D:9      | Noticed a troll
  8391 | D:9      | HP: 2/49 [wight/+3 mace (1)]
  8392 | D:9      | Slain by an ufetubus

Illustrated notes

Levels and vault maps discovered:
D:1:      ldierk_walled_garden, layout_basic
D:2:      layout_loops_corners, lemuel_coloured_pillars_altar,
          nicolae_overflow_hidden_temple, fedhas_altar_2
D:3:      layout_basic, chequers_temple_overflow_statue_of_worship, uniq_ijyb
D:4:      layout_basic, regret_index_temple_of_mockery,
          overflow_temple_1_default, lemuel_temple_firewalk_b,
          chequers_arboretum, makhleb_altar_promises_db
D:5:      layout_loops_cross, gup_sewer_entry_glass, hangedman_decor_push,
          uniq_pikel, uniq_edmund
D:6:      corexii_shack_village, layout_basic, grunt_gozag_statues,
          eat_drink_and_be_merry_uskayaw, minmay_misc_feat_rows, sigmund_army
D:7:      layout_cave_pools, overflow_temple_1_default, zin_angel, basic_altar
D:8:      gammafunk_steamed_eel, layout_basic, evilmike_ruin_ashenzari,
          serial_shops, nicolae_shop_behind_doors, shop, shop,
          nicolae_ru_the_path_less_chosen, uniq_prince_ribbit1, uniq_maurice
D:9:      layout_gridville, grunt_qazlal_sundering, dpeg_oklobed_lair,
          yredelemnul_altar_generic
Temple:   corrupted_temple

Skill      XL: |  1  2  3  4  5  6  7  8  9 |
---------------+----------------------------+-----
Spellcasting   | 4 5 6 7 8 10 11 | 11.0
Conjurations   | 5 6 7 8 9 |  9.0
Necromancy     | 3 6 7 |  7.6
Air Magic      | 1 3 |  3.9
Fighting       | 2 |  2.9
Dodging        | |  2.4
Stealth        | |  2.4

Action                   |  1- 3 |  4- 6 |  7- 9 || total
-------------------------+-------+-------+-------++-------
Melee: Staff             |       |     5 |     6 ||    11
 Cast: Magic Dart        |    42 |    37 |    37 ||   116
       Searing Ray       |     4 |    26 |    65 ||    95
       Fulminant Prism   |       |       |    31 ||    31
       Iskenderun's Myst |       |       |    14 ||    14
       Dispel Undead     |       |       |     5 ||     5
       Sublimation of Bl |       |       |     1 ||     1
       Corpse Rot        |       |       |     1 ||     1
  Use: Scroll            |       |     6 |    11 ||    17
       Potion            |       |       |     1 ||     1
Armor: Robe              |       |     2 |    21 ||    23
Dodge: Dodged            |     1 |    11 |    66 ||    78

Table legend: (Time is in decaauts)
 A = Elapsed time spent in this place.
 B = Non-inter-level travel time spent in this place.
 C = Inter-level travel time spent in this place.
 D = Time resting spent in this place.
 E = Time spent auto-exploring this place.
 F = Levels seen in this place.
 G = Mean time per level.
                   A        B        C        D        E       F      G
               +--------+--------+--------+--------+--------+-----+--------+
         Total |   8481 |   8086 |    395 |   1361 |   4835 |  11 |  771.0 |
       Dungeon |   7926 |   7545 |    381 |   1293 |   4775 |   9 |  880.7 |
        Temple |     48 |     34 |     14 |      0 |     34 |   1 |   48.0 |
         Sewer |    506 |    506 |      0 |     68 |     25 |   1 |  506.0 |
               +--------+--------+--------+--------+--------+-----+--------+

Top non-repeatable levels by time:
     D:6: 1775 daAuts
     D:3: 1315 daAuts
     D:2: 1170 daAuts
     D:5: 1006 daAuts
     D:1: 891 daAuts
     D:4: 749 daAuts
     D:7: 686 daAuts
   Sewer: 506 daAuts
     D:9: 298 daAuts
  Temple: 48 daAuts
     D:8: 33 daAuts
